 Dungeon Crawl Stone Soup version 0.29-a0-495-g17b79114eb (webtiles) character file.

Game seed: 17105760201621029270

514 YayAnonymity the Shield-Bearer (level 7, -7/60 HPs)
             Began as a Gnoll Fighter on May 27, 2022.
             Mangled by a killer bee (8 damage)
             ... on level 4 of the Dungeon.
             The game lasted 00:05:11 (4098 turns).

YayAnonymity the Shield-Bearer (Gnoll Fighter)      Turns: 4098, Time: 00:05:12

Health: -7/60      AC: 12    Str: 17    XL:     7   Next: 20%
Magic:  19/19      EV:  7    Int:  8    God:
Gold:   187        SH:  5    Dex: 11    Spells: 10/10 levels left

rFire   . . .      SeeInvis +   B - +3 short sword (drain)
rCold   . . .      Faith    .   c - +0 buckler
rNeg    . . .      Spirit   .   E - +0 chain mail
rPois   .          Reflect  .   q - +1 helmet
rElec   .          Harm     .   (no cloak)
rCorr   .          Rampage  .   (no gloves)
Will    .....                   (no boots)
Stlth   ..........              (no amulet)
HPRegen 0.20/turn               w - ring of see invisible
MPRegen 0.16/turn               x - ring of magical power

@: mighty
A: fangs 1, strong nose, distributed training
a: no special abilities


You were on level 4 of the Dungeon.
You visited 1 branch of the dungeon, and saw 5 of its levels.

You collected 187 gold pieces.

Inventory:

Hand Weapons
 a - a +0 flail
 B - a +3 short sword of draining (weapon)
Missiles
 p - 4 poisoned darts (quivered)
 y - a throwing net
Armour
 c - a +0 buckler (worn)
 q - a +1 helmet (worn)
 E - a +0 chain mail (worn)
Jewellery
 w - a ring of see invisible (left hand)
 x - a ring of magical power (right hand)
Wands
 C - a wand of paralysis (8)
Scrolls
 n - 5 scrolls of enchant weapon
 o - 2 scrolls of teleportation
 s - a scroll of acquirement {unknown}
 u - 2 scrolls of identify {unknown}
 v - a scroll of fear {unknown}
 D - a scroll of summoning {unknown}
Potions
 e - a potion of cancellation {unknown}
 f - a potion of magic {unknown}
 i - 2 potions of ambrosia {unknown}
 j - a potion of curing
 l - a potion of lignification {unknown}
 z - a potion of heal wounds {unknown}
 A - a potion of flight {unknown}


   Skills:
 + Level 7.0 Fighting
 + Level 2.3 Short Blades
 + Level 2.3 Long Blades
 + Level 2.3 Axes
 + Level 5.1 Maces & Flails
 + Level 2.3 Polearms
 + Level 2.3 Staves
 + Level 2.3 Slings
 + Level 2.3 Bows
 + Level 2.3 Crossbows
 + Level 2.3 Throwing
 + Level 7.0 Armour
 + Level 2.3 Dodging
 + Level 2.3 Stealth
 + Level 7.0 Shields
 + Level 2.3 Unarmed Combat
 + Level 2.3 Spellcasting
 + Level 1.9 Conjurations
 + Level 1.9 Hexes
 + Level 1.9 Summonings
 + Level 1.9 Necromancy
 + Level 1.9 Translocations
 + Level 1.9 Transmutations
 + Level 1.9 Fire Magic
 + Level 1.9 Ice Magic
 + Level 1.9 Air Magic
 + Level 1.9 Earth Magic
 + Level 1.9 Poison Magic
 + Level 2.5 Invocations
 + Level 2.3 Evocations


You had 10 spell levels left.
You didn't know any spells.
Your spell library contained the following spells:

 Spells                   Type           Power      Damage    Failure   Level
 Summon Guardian Golem    Hex/Summ       4%         N/A       100%        3
 Orb of Destruction       Conj           2%         9d5       100%        7
 Spellforged Servitor     Conj/Summ      2%         N/A       100%        7


Dungeon Overview and Level Annotations

Branches:
Dungeon (5/15)
 Temple: D:4-7

Altars:
Vehumet

Shops:
D:1 (   D:4 *


Innate Abilities, Weirdness & Mutations

You have very sharp teeth.
Your uncanny sense of smell can sniff out nearby items.
Your experience applies equally to all skills.


Message History

The killer bee stings you but does no damage.
The killer bee stings you.
You barely miss the killer bee.
The killer bee is heavily wounded.
You feel sick.
The killer bee stings you but does no damage.
The killer bee stings you!
* * * LOW HITPOINT WARNING * * *
You hit the killer bee. You drain the killer bee.
The killer bee is severely wounded.
You feel sick.
You closely miss the killer bee.
You feel sick. The killer bee stings you.
* * * LOW HITPOINT WARNING * * *
You block the killer bee's attack.
It was a potion of curing.
You feel better. You block the killer bee's attack.
The killer bee barely misses you.
You closely miss the killer bee. Your bite misses the killer bee.
The killer bee stings you but does no damage.
The killer bee barely misses you.
You miss the killer bee. The killer bee barely misses you.
The killer bee stings you.
* * * LOW HITPOINT WARNING * * *
You miss the killer bee. The killer bee stings you!
* * * LOW HITPOINT WARNING * * *
The killer bee barely misses you.
You feel very mighty all of a sudden. You block the killer bee's attack.
The killer bee stings you.
* * * LOW HITPOINT WARNING * * *
You hit the killer bee. You drain the killer bee.
The killer bee is heavily wounded.
The killer bee stings you but does no damage.
You hit the killer bee.
The killer bee is moderately wounded.
The killer bee completely misses you. The killer bee barely misses you.
You closely miss the killer bee.
The killer bee is moderately wounded.
The killer bee stings you.
* * * LOW HITPOINT WARNING * * *
The killer bee stings you!
You die...

*,********** *,,,,,,***
*******,,,,,,∆,,,*******,***,,,,,
,,,,,,,,********,,,,,,,,<* **,***
*******,* ###*************,***
*,* #..,,,,,,,,,*,,,,,,,
*,######.###**,,,,,,,**,**,
*,#......).# *,***,*,**,**,
******#,#.####.#.# *,* *,*,,,,,,,
,,,,,,....####.#@# *,* *,*,**,**,
*,*****,*#.....#y# *,* *,*,**,**,
*,** *,*#.#####y# *,* *,*,,,,,,,
,,,****,**,* #y# *,* *,****,,,,
,,>,,,,,,,,* #y# *,* *,* *****
,,,****,,******#.# *,* *,*
*,,,,,*,,∆,,,,,..# *,* *,*
*****,**,******..# *,* *,* **
*,**,* *..# *,* *,*


You could see 4 killer bees.

Vanquished Creatures
  An ogre (D:2)
  A necrophage (D:3)
  2 killer bees (D:4)
  3 orc priests
  A hound (D:4)
  2 iguanas
  Terence (D:3)
  An adder (D:3)
  3 dart slugs
  9 orcs
  5 endoplasms
  2 giant cockroaches (D:3)
  7 goblins
  3 hobgoblins
  4 jackals (D:4)
  3 quokkas
  4 ball pythons
  2 bats
  3 frilled lizards
  11 kobolds
  4 rats
72 creatures vanquished.

Notes
Turn   | Place    | Note
-------+----------+-------------------------------------------
     0 | D:1      | YayAnonymity the Gnoll Fighter began the quest for the Orb.
     0 | D:1      | Reached XP level 1. HP: 23/23 MP: 1/1
   220 | D:1      | Found Juicuhut's Weapon Boutique.
   271 | D:1      | Reached XP level 2. HP: 23/29 MP: 2/2
  1203 | D:2      | Reached XP level 3. HP: 33/35 MP: 3/3
  1331 | D:2      | Reached skill level 1 in Short Blades
  1331 | D:2      | Reached skill level 1 in Long Blades
  1331 | D:2      | Reached skill level 1 in Axes
  1331 | D:2      | Reached skill level 1 in Polearms
  1331 | D:2      | Reached skill level 1 in Staves
  1331 | D:2      | Reached skill level 1 in Slings
  1331 | D:2      | Reached skill level 1 in Bows
  1331 | D:2      | Reached skill level 1 in Crossbows
  1331 | D:2      | Reached skill level 1 in Throwing
  1331 | D:2      | Reached skill level 1 in Dodging
  1331 | D:2      | Reached skill level 1 in Stealth
  1331 | D:2      | Reached skill level 1 in Unarmed Combat
  1331 | D:2      | Reached skill level 1 in Spellcasting
  1331 | D:2      | Reached skill level 1 in Invocations
  1331 | D:2      | Reached skill level 1 in Evocations
  1331 | D:2      | Reached XP level 4. HP: 24/41 MP: 5/5
  1632 | D:2      | Reached skill level 1 in Conjurations
  1632 | D:2      | Reached skill level 1 in Hexes
  1632 | D:2      | Reached skill level 1 in Summonings
  1632 | D:2      | Reached skill level 1 in Necromancy
  1632 | D:2      | Reached skill level 1 in Translocations
  1632 | D:2      | Reached skill level 1 in Transmutations
  1632 | D:2      | Reached skill level 1 in Fire Magic
  1632 | D:2      | Reached skill level 1 in Ice Magic
  1632 | D:2      | Reached skill level 1 in Air Magic
  1632 | D:2      | Reached skill level 1 in Earth Magic
  1632 | D:2      | Reached skill level 1 in Poison Magic
  1803 | D:2      | Found a faded altar of an unknown god.
  1840 | D:2      | Noticed an ogre
  1851 | D:2      | Killed an ogre
  1852 | D:2      | Reached XP level 5. HP: 14/47 MP: 7/7
  2834 | D:3      | Reached XP level 6. HP: 37/53 MP: 8/8
  2949 | D:3      | Noticed Terence
  2958 | D:3      | Killed Terence
  3296 | D:3      | Reached skill level 5 in Maces & Flails
  3881 | D:4      | Found a radiant altar of Vehumet.
  4008 | D:4      | Found Okolyng's General Store.
  4022 | D:5      | Entered Level 5 of the Dungeon
  4069 | D:4      | Reached XP level 7. HP: 54/59 MP: 10/10
  4095 | D:4      | HP: 2/60 [killer bee (3)]
  4098 | D:4      | Mangled by a killer bee

Illustrated notes

Levels and vault maps discovered:
D:1:      minmay_arrival_stone_box, layout_loops_corners, serial_shops, shop
D:2:      cheibrodos_pilgrimage, layout_basic,
          dreamdust_ecumenical_altar_hidden_monk_grotto, minmay_heptomino_h4
D:3:      layout_basic, uniq_terence
D:4:      layout_loops_ring, vehumet_crystals, serial_shops, shop_statue
D:5:      layout_rooms, mainiacjoe_overflow_catwalk, zin_angel

Skill      XL: |  1  2  3  4  5  6  7 |
---------------+----------------------+-----
Short Blades   | 1 2 |  2.3
Long Blades    | 1 2 |  2.3
Axes           | 1 2 |  2.3
Polearms       | 1 2 |  2.3
Staves         | 1 2 |  2.3
Slings         | 1 2 |  2.3
Bows           | 1 2 |  2.3
Crossbows      | 1 2 |  2.3
Throwing       | 1 2 |  2.3
Dodging        | 1 2 |  2.3
Stealth        | 1 2 |  2.3
Unarmed Combat | 1 2 |  2.3
Spellcasting   | 1 2 |  2.3
Invocations    | 1 2 |  2.5
Evocations     | 1 2 |  2.3
Conjurations   | 1 |  1.9
Hexes          | 1 |  1.9
Summonings     | 1 |  1.9
Necromancy     | 1 |  1.9
Translocations | 1 |  1.9
Transmutations | 1 |  1.9
Fire Magic     | 1 |  1.9
Ice Magic      | 1 |  1.9
Air Magic      | 1 |  1.9
Earth Magic    | 1 |  1.9
Poison Magic   | 1 |  1.9
Maces & Flails | 5 |  5.1
Fighting       | 7 |  7.0
Armour         | 7 |  7.0
Shields        | 7 |  7.0

Action                   |  1- 3 |  4- 6 |  7- 9 || total
-------------------------+-------+-------+-------++-------
Melee: Flail             |    81 |   137 |       ||   218
       Bite              |     7 |    14 |     1 ||    22
       Short sword       |       |    56 |    28 ||    84
Throw: Dart              |       |     7 |       ||     7
  Use: Scroll            |       |     7 |       ||     7
       Potion            |       |       |     2 ||     2
Armor: Scale mail        |    30 |    49 |       ||    79
       Chain mail        |       |    29 |    14 ||    43
Dodge: Dodged            |    27 |    75 |    14 ||   116
Block: Buckler           |    18 |    53 |     9 ||    80

Table legend: (Time is in decaauts)
 A = Elapsed time spent in this place.
 B = Non-inter-level travel time spent in this place.
 C = Inter-level travel time spent in this place.
 D = Time resting spent in this place.
 E = Time spent auto-exploring this place.
 F = Levels seen in this place.
 G = Mean time per level.
                   A        B        C        D        E       F      G
               +--------+--------+--------+--------+--------+-----+--------+
         Total |   4141 |   4007 |    134 |    641 |   2591 |   5 |  828.2 |
       Dungeon |   4141 |   4007 |    134 |    641 |   2591 |   5 |  828.2 |
               +--------+--------+--------+--------+--------+-----+--------+

Top non-repeatable levels by time:
     D:1: 1406 daAuts
     D:2: 1265 daAuts
     D:3: 1244 daAuts
     D:4: 219 daAuts
     D:5: 4 daAuts
